 Dungeon Crawl Stone Soup version 0.27-a0-1321-gd358eaa319 (webtiles) character file.

Game seed: 8124169440229166111

536 HAL9000 the Covert (level 7, 0/51 HPs)
             Began as a Vine Stalker Brigand on June 22, 2021.
             Succumbed to Ijyb's poison
             ... on level 4 of the Dungeon.
             The game lasted 00:05:40 (3402 turns).

HAL9000 the Covert (Vine Stalker Brigand)           Turns: 3402, Time: 00:05:41

Health: 0/51       AC: 23    Str: 15      XL:     7   Next: 25%
Magic:  3/8        EV:  2    Int: 11      God:
Gold:   202        SH:  0    Dex: 14 (16) Spells: 6/6 levels left

rFire    . . .     SeeInvis .   p - +1 short sword (drain)
rCold    . . .     Faith    .   (no shield)
rNeg     + + +     Spirit   +   (armour currently unavailable)
rPois    +         Reflect  .   (helmet currently unavailable)
rElec    .         Harm     .   (cloak currently unavailable)
rCorr    .         Rampage  .   (gloves currently unavailable)
Will     .....     NoTele   +   (boots currently unavailable)
Stlth    ++++......             (no amulet)
HPRegen  1.17/turn              (no ring)
MPRegen  0.11/turn              (no ring)

@: lethally poisoned (0 -> -3), tree-form
A: stationary, stasis, torment immunity, boosted hp, (fangs 2), regeneration 1,
magic shield, (antimagic bite), no potion heal 2
a: no special abilities


You were on level 4 of the Dungeon.
You were a tree.
You visited 1 branch of the dungeon, and saw 4 of its levels.

You collected 202 gold pieces.

Inventory:

Hand Weapons
 a - a +2 dagger
 p - a +1 short sword of draining (weapon)
Missiles
 d - 8 poisoned darts (quivered)
 j - 4 javelins
 l - 2 boomerangs
 n - a curare-tipped dart
 s - a throwing net
Armour
 b - a +0 robe (melded)
 c - a +0 cloak (melded)
Jewellery
 u - an amulet of faith
Scrolls
 g - 2 scrolls of acquirement {unknown}
 h - a scroll of immolation {unknown}
 m - a scroll of noise {unknown}
 q - 2 scrolls of identify {unknown}
 r - a scroll of enchant armour {unknown}
 t - a scroll of amnesia {unknown}
Potions
 e - a potion of mutation {unknown}
 f - a potion of lignification
 i - a potion of curing {unknown}
 k - a potion of might {unknown}
 o - a potion of haste {unknown}


   Skills:
 - Level 1.7 Fighting
 - Level 2.0 Short Blades
 - Level 3.2 Throwing
 - Level 0.7 Dodging
 + Level 10.0 Stealth


You had 6 spell levels left.
You didn't know any spells.
Your spell library contained the following spells:

 Spells                   Type           Power      Damage    Failure   Level
 Animate Skeleton         Necr           0%         N/A       34%         1
 Magic Dart               Conj           0%         1d3       34%         1
 Pain                     Necr           0%         1d4       34%         1
 Blink                    Tloc           N/A        N/A       47%         2
 Call Imp                 Summ           0%         N/A       47%         2
 Slow                     Hex            0%         N/A       47%         2
 Conjure Flame            Conj/Fire      0%         6-21      71%         3
 Mephitic Cloud           Conj/Pois/Air  0%         N/A       71%         3
 Vampiric Draining        Necr           0%         2d6       71%         3
 Animate Dead             Necr           0%         N/A       98%         4
 Agony                    Necr           0%         N/A       100%        5


Dungeon Overview and Level Annotations

Branches:
Dungeon (4/15)
 Temple: D:4-7

Altars:
Gozag

Annotations:
D:3 3 runed translucent doors, ZangPog's ghost, amateur DsGl
D:4 Ijyb


Innate Abilities, Weirdness & Mutations

You are a tree.
Your roots penetrate the ground, keeping you stationary.
You cannot be teleported.
You are immune to unholy pain and torment.
Your maximum health is greatly increased.
Your equipment is partially melded.
((You have extremely sharp teeth.))
Your natural rate of healing is unusually fast.
When hurt, damage is shared between your health and your magic reserves.
((Your bite disrupts and absorbs the magic of your enemies.))
Potions cannot restore your health.


Message History

You are more poisoned.
You closely miss Ijyb. Your bite misses Ijyb.
Ijyb is heavily wounded.
You feel very sick.
Ijyb hits you with a +2 dagger of venom.
You are more poisoned.
It was a potion of lignification.
You turn into a tree.
Your +0 cloak melds into your body.
Your +0 robe melds into your body.
Your roots penetrate the ground.
You feel very sick. Ijyb hits you but does no damage.
Unknown command.
You barely miss Ijyb.
Ijyb is heavily wounded.
You feel very sick.
Ijyb hits you with a +2 dagger of venom.
* * * LOW HITPOINT WARNING * * *
You hit Ijyb but do no damage. You drain Ijyb.
Ijyb is severely wounded.
You feel very sick.
Ijyb hits you with a +2 dagger of venom.
* * * LOW HITPOINT WARNING * * *
You closely miss Ijyb.
Ijyb is severely wounded.
You feel very sick. Ijyb hits you but does no damage.
You are lethally poisoned!
You closely miss Ijyb.
Ijyb is severely wounded.
* * * LOW HITPOINT WARNING * * *
You feel very sick. Ijyb hits you but does no damage.
You barely miss Ijyb.
Ijyb is severely wounded.
* * * LOW HITPOINT WARNING * * *
You feel very sick. Ijyb hits you but does no damage.
You hit Ijyb but do no damage.
Ijyb is severely wounded.
You die...

#.#.......#
######
#.#......<#
#.#.......#
#.#.........#
#.#.........#
###.#.........#
#....###......#
#....# ......#
#..♣.#
#......g.#
#####....#
#....# #....#
######


You could see Ijyb (drained).

Vanquished Creatures
  Eustachio (D:4)
  A black bear (D:4)
  A scorpion (D:4)
  A scorpion zombie (D:3)
  Natasha (twice) (D:4)
  A hound zombie (D:3)
  A hound skeleton (D:3)
  2 gnolls (D:1)
  4 adders
  An adder skeleton (D:3)
  2 worms
  3 dart slugs (D:1)
  6 orcs
  5 endoplasms
  2 giant cockroaches (D:2)
  9 goblins
  4 hobgoblins
  6 kobolds
  4 quokkas
  8 ball pythons
  5 bats
  2 frilled lizards (D:2)
  2 quokka zombies (D:3)
  4 rats
77 creatures vanquished.

Notes
Turn   | Place    | Note
-------+----------+-------------------------------------------
     0 | D:1      | HAL9000 the Vine Stalker Brigand began the quest for the
                  | Orb.
     0 | D:1      | Reached XP level 1. HP: 11/11 MP: 2/2
   226 | D:1      | Reached XP level 2. HP: 15/15 MP: 3/3
   266 | D:1      | Found Wahuecoh's Book Shoppe.
   607 | D:1      | Reached XP level 3. HP: 10/18 MP: 4/4
   951 | D:1      | Reached skill level 5 in Stealth
  1294 | D:2      | Gained mutation: Your natural rate of healing is unusually
                  | fast. [Vine Stalker growth]
  1294 | D:2      | Reached XP level 4. HP: 22/23 MP: 3/5
  1336 | D:2      | Found a faded altar of an unknown god.
  1512 | D:2      | Reached skill level 6 in Stealth
  1879 | D:2      | Reached XP level 5. HP: 25/26 MP: 6/6
  2043 | D:3      | Found an opulent altar of Gozag.
  2358 | D:3      | Reached skill level 7 in Stealth
  2443 | D:3      | Found a runed translucent gate.
  2443 | D:3      | Found a runed translucent gate.
  2443 | D:3      | Found a runed translucent gate.
  2443 | D:3      | Noticed ZangPog's ghost (amateur DsGl)
  3057 | D:4      | Noticed a black bear
  3072 | D:4      | Killed a black bear
  3073 | D:4      | Reached skill level 8 in Stealth
  3073 | D:4      | Reached XP level 6. HP: 17/30 MP: 5/7
  3105 | D:4      | Noticed Natasha
  3112 | D:4      | Killed Natasha
  3121 | D:4      | Noticed Eustachio
  3121 | D:4      | Noticed Natasha
  3159 | D:4      | Killed Natasha
  3275 | D:4      | Killed Eustachio
  3276 | D:4      | Reached skill level 9 in Stealth
  3276 | D:4      | Reached XP level 7. HP: 34/34 MP: 4/8
  3365 | D:4      | Reached skill level 10 in Stealth
  3385 | D:4      | Noticed Ijyb
  3401 | D:4      | HP: 1/51 [poisoned by Ijyb]
  3402 | D:4      | Succumbed to Ijyb's poison

Illustrated notes

Levels and vault maps discovered:
D:1:      minmay_arrival_shoal_huts, layout_basic, serial_shops,
          nicolae_shop_waterfront, skrybe_limestone_x, minmay_misc_feat_columns
D:2:      layout_loops_ring, hellmonk_ecumenical_altar_slurped_away,
          guppyfry_early_orc_mine
D:3:      layout_loops_corners, nicolae_gozag_seed_capital, serial_undead,
          serial_undead_f, serial_undead_b, serial_undead_e, serial_undead_b,
          ebering_ghost_rock_garden, minmay_misc_feat_nine_boxes,
          minmay_misc_feat_diagonals
D:4:      layout_basic, nicolae_ossuary_entry_ruins, grunt_decor_fettered,
          chequers_serial_rivers_large_b, hangedman_decor_points,
          kennysheep_small_square, uniq_grinder, uniq_eustachio, uniq_ijyb,
          uniq_natasha

Skill      XL: |  1  2  3  4  5  6  7 |
---------------+----------------------+-----
Throwing       | 2 3 |  3.2
Short Blades   | 2 |  2.0
Stealth        | 5 6 8 9 10 | 10.0
Fighting       | |  1.7
Dodging        | |  0.7

Action                   |  1- 3 |  4- 6 |  7- 9 || total
-------------------------+-------+-------+-------++-------
Melee: Dagger            |    74 |   125 |       ||   199
       Bite              |    17 |    52 |     4 ||    73
       Short sword       |       |    60 |    15 ||    75
Throw: Dart              |     3 |    27 |     1 ||    31
       Throwing net      |       |     1 |       ||     1
  Use: Potion            |       |       |     1 ||     1
 Stab: Sleeping          |    11 |     8 |     1 ||    20
       Distracted        |       |     1 |       ||     1
Armor: Robe              |    22 |    45 |     1 ||    68
       Skin              |       |       |     4 ||     4
Dodge: Dodged            |    33 |   133 |     2 ||   168

Table legend: (Time is in decaauts)
 A = Elapsed time spent in this place.
 B = Non-inter-level travel time spent in this place.
 C = Inter-level travel time spent in this place.
 D = Time resting spent in this place.
 E = Time spent auto-exploring this place.
 F = Levels seen in this place.
 G = Mean time per level.
                   A        B        C        D        E       F      G
               +--------+--------+--------+--------+--------+-----+--------+
         Total |   3389 |   3305 |     84 |    462 |   2103 |   4 |  847.2 |
       Dungeon |   3389 |   3305 |     84 |    462 |   2103 |   4 |  847.2 |
               +--------+--------+--------+--------+--------+-----+--------+

Top non-repeatable levels by time:
     D:1: 1220 daAuts
     D:3: 1035 daAuts
     D:2: 791 daAuts
     D:4: 341 daAuts
